 Dungeon Crawl Stone Soup version 0.27.1-4-g1640c2035a (webtiles) character file.

Game seed: 4003814846847700207

95 McKennaii the Skirmisher (level 4, -3/36 HPs)
             Began as a Demonspawn Fighter on Nov 11, 2021.
             Killed from afar by a steam dragon (13 damage)
             ... with a ball of steam
             ... on level 3 of the Dungeon.
             The game lasted 00:03:23 (2137 turns).

McKennaii the Skirmisher (Demonspawn Fighter)       Turns: 2137, Time: 00:03:23

Health: -3/36      AC: 16    Str: 17    XL:     4   Next: 39%
Magic:  4/4        EV:  4    Int:  9    God:
Gold:   99         SH:  9    Dex: 13    Spells: 3/3 levels left

rFire    . . .     SeeInvis .   a - +0 trident
rCold    . . .     Faith    .   c - +0 kite shield
rNeg     . . .     Spirit   .   k - +0 plate armour
rPois    .         Reflect  .   (no helmet)
rElec    .         Harm     .   (no cloak)
rCorr    .         Rampage  .   (no gloves)
Will     .....                  q - +0 pair of boots
Stlth    ..........             (no amulet)
HPRegen  0.12/turn              g - +4 ring of protection
MPRegen  0.09/turn              h - +4 ring of slaying

@: no status effects
A: sturdy frame 1
a: no special abilities


You were on level 3 of the Dungeon.
You visited 1 branch of the dungeon, and saw 3 of its levels.

You collected 99 gold pieces.

Inventory:

Hand Weapons
 a - a +0 trident (weapon)
Armour
 c - a +0 kite shield (worn)
 k - a +0 plate armour (worn)
 q - a +0 pair of boots (worn)
Magical Staves
 f - a staff of fire
Jewellery
 g - a +4 ring of protection (left hand)
 h - a +4 ring of slaying (right hand)
 n - a +4 ring of protection
Wands
 o - a wand of flame (37)
Scrolls
 e - 2 scrolls of magic mapping {unknown}
 i - a scroll of vulnerability {unknown}
 l - a scroll of holy word {unknown}
 m - a scroll of noise {unknown}
Potions
 b - a potion of haste {unknown}
 d - a potion of might
 j - a potion of mutation {unknown}
 p - a potion of curing {unknown}


   Skills:
 * Level 3.6 Fighting
 + Level 2.7 Polearms
 + Level 3.2 Armour
 + Level 0.7 Dodging
 + Level 0.2 Stealth
 + Level 3.1 Shields


You had 3 spell levels left.
You didn't know any spells.
Your spell library contained the following spells:

 Spells                   Type           Power      Damage    Failure   Level
 Foxfire                  Conj/Fire      0%         2x1d4     100%        1
 Summon Small Mammal      Summ           0%         N/A       100%        1
 Corpse Rot               Necr/Air       N/A        N/A       100%        2
 Call Canine Familiar     Summ           0%         N/A       100%        3
 Conjure Flame            Conj/Fire      0%         6-21      100%        3
 Inner Flame              Hex/Fire       0%         N/A       100%        3
 Summon Guardian Golem    Hex/Summ       0%         N/A       100%        3
 Dispel Undead            Necr           0%         3d6       100%        4
 Death Channel            Necr           0%         N/A       100%        6


Dungeon Overview and Level Annotations

Branches:
Dungeon (3/15)

Altars:

Shops:
D:1 (


Innate Abilities, Weirdness & Mutations

Your movements are slightly less encumbered by armour. (ER -2)


Message History

No target in view!
No target in view!
Found 10 gold pieces.
Found 26 arrows.
A steam dragon comes into view.
Found 3 gold pieces.
The steam dragon hisses angrily.
A steam dragon is nearby!
A steam dragon is nearby!
You see here 10 gold pieces.
You puncture the steam dragon!
The steam dragon is moderately wounded.
The steam dragon bites you.
The steam dragon claws you but does no damage.
You hit the steam dragon.
The steam dragon is heavily wounded.
The steam dragon bites you but does no damage.
You block the steam dragon's attack. The steam dragon bites you.
The steam dragon claws you but does no damage.
You hit the steam dragon.
The steam dragon is heavily wounded.
The steam dragon breathes steam at you. The ball of steam hits you!
You hit the steam dragon.
The steam dragon is severely wounded.
You are engulfed in a cloud of scalding steam.
The steam dragon bites you but does no damage.
The steam dragon claws you but does no damage.
You puncture the steam dragon!
The steam dragon is almost dead.
You are engulfed in a cloud of scalding steam.
The steam dragon breathes steam at you. The ball of steam hits you!
You block the steam dragon's attack. The steam dragon claws you.
* * * LOW HITPOINT WARNING * * *
You hit the steam dragon but do no damage.
The steam dragon is almost dead.
The steam dragon breathes steam at you. The ball of steam hits you!
You die...

##... #.........#
#.... #.........#
#.... .........
#.... .....$.
#.... .....
###.... ...
##...... #D#
######..##...
#@####......####..
#......###### ###
.(....ยงยง...###
##...
...####.##.....
.... #.#######
##...## ...
#....#. ##..
##....#. ##.
#.....#. .. #...#.


You could see a steam dragon (catching breath).

Vanquished Creatures
  Jessica (D:2)
  An adder (D:2)
  A worm (D:2)
  2 dart slugs
  6 bats
  3 endoplasms
  2 giant cockroaches
  4 goblins
  9 hobgoblins
  7 ball pythons
  A frilled lizard (D:2)
  4 kobolds
  11 rats
52 creatures vanquished.

Notes
Turn   | Place    | Note
-------+----------+-------------------------------------------
     0 | D:1      | McKennaii the Demonspawn Fighter began the quest for the
                  | Orb.
     0 | D:1      | Reached XP level 1. HP: 18/18 MP: 1/1
   202 | D:1      | Gained mutation: Your movements are slightly less
                  | encumbered by armour. (ER -2) [demonic ancestry]
   202 | D:1      | Reached XP level 2. HP: 24/24 MP: 2/2
   861 | D:1      | Found Nuisoy's Weapon Boutique.
  1233 | D:2      | Reached XP level 3. HP: 29/29 MP: 3/3
  1542 | D:2      | Noticed Jessica
  1550 | D:2      | Killed Jessica
  1551 | D:2      | Reached XP level 4. HP: 35/35 MP: 4/4
  2130 | D:3      | Noticed a steam dragon
  2137 | D:3      | Killed from afar by a steam dragon

Illustrated notes

Levels and vault maps discovered:
D:1:      dpeg_arrival_arbitrary_a, layout_basic, serial_shops,
          nicolae_shop_behind_doors, chequers_serial_rivers_small_3,
          kennysheep_crisscross, serial_bayou_ford_a
D:2:      layout_basic, minmay_small_reverse_x, uniq_jessica
D:3:      layout_rooms

Skill      XL: |  1  2  3 |
---------------+----------+-----
Armour         | 3 |  3.2
Polearms       | 2 |  2.7
Shields        | 3 |  3.1
Fighting       | |  3.6
Dodging        | |  0.7
Stealth        | |  0.2

Action                   |  1- 3 |  4- 6 || total
-------------------------+-------+-------++-------
Melee: Trident           |   102 |    34 ||   136
Armor: Scale mail        |    27 |       ||    27
       Plate armour      |     1 |    23 ||    24
Dodge: Dodged            |    21 |     2 ||    23
Block: Kite shield       |    38 |     9 ||    47
